 Dungeon Crawl Stone Soup version 0.29.1-4-g47bece8355 (webtiles) character file.

Game seed: 16460707773482708086

45 wutend the Trooper (level 3, -9/26 HPs)
             Began as an Octopode Fighter on Dec 8, 2022.
             Killed from afar by Sigmund (10 damage)
             ... with a magic dart
             ... on level 2 of the Dungeon.
             The game lasted 00:06:09 (999 turns).

wutend the Trooper (Octopode Fighter)                Turns: 999, Time: 00:06:10

Health: -9/26      AC:  1    Str: 15    XL:     3   Next: 64%
Magic:  3/3        EV: 13    Int: 10    God:
Gold:   99         SH:  0    Dex: 13    Spells: 2/2 levels left

rFire   . . .      SeeInvis .   a - +0 long sword
rCold   . . .      Faith    .   b - +0 buckler
rNeg    . . .      Spirit   .   (helmet restricted)
rPois   .          Reflect  .   (no amulet)
rElec   .          Harm     .   (no ring)
rCorr   .          Rampage  .   (no ring)
Will    .....                   (no ring)
Stlth   ++........              (no ring)
HPRegen 0.08/turn               (no ring)
MPRegen 0.08/turn               (no ring)
                                (no ring)
                                (no ring)

@: confused
A: almost no armour, amphibious, 8 rings, camouflage 1, gelatinous body 1,
(nimble swimmer 1), tentacles
a: no special abilities


You were on level 2 of the Dungeon.
You visited 1 branch of the dungeon, and saw 2 of its levels.

You collected 99 gold pieces.

Inventory:

Hand Weapons
 a - a +0 long sword (weapon)
Missiles
 e - 6 boomerangs (quivered)
Armour
 b - a +0 buckler (worn)
 q - a +0 helmet
Jewellery
 k - a ring of wizardry
Scrolls
 d - a scroll of teleportation {unknown}
 g - a scroll of blinking {unknown}
 h - a scroll of amnesia {unknown}
 i - a scroll of identify {unknown}
 l - a scroll of enchant armour {unknown}
 o - a scroll of brand weapon {unknown}
Potions
 c - a potion of might
 f - a potion of heal wounds {unknown}
 j - a potion of degeneration {unknown}
 m - a potion of lignification {unknown}
 n - a potion of mutation {unknown}
 p - a potion of curing {unknown}


   Skills:
 + Level 3.4 Fighting
 + Level 2.5 Long Blades
 + Level 3.4 Dodging
 + Level 3.4 Shields


You had 2 spell levels left.
You didn't know any spells.
Your spell library contained the following spells:

 Spells                   Type           Power      Damage    Failure   Level
 Slow                     Hex            0%         N/A       45%         1
 Confusing Touch          Hex            0%         N/A       83%         3
 Vampiric Draining        Necr           0%         2d6       83%         3


Dungeon Overview and Level Annotations

Branches:
Dungeon (2/15)

Altars:

Annotations:
D:2 Sigmund


Innate Abilities, Weirdness & Mutations

You cannot wear most types of armour.
You are amphibious.
You can wear up to eight rings at the same time.
Your skin changes colour to match your surroundings (Stealth+).
Your rubbery body absorbs attacks. (AC +1, EV +1)
((You are camouflaged when in or above water. (Stealth+)))
You have tentacles for arms and can constrict up to eight enemies at once.


Message History

You block Sigmund's attack.
Throw: 6 boomerangs
Press: ? - help, Q - select action Shift-Dir - straight line, f/p - Sigmund
Aim: Sigmund, wielding a +0 scythe and wearing a +0 robe (lightly wounded, 53% to hit)
You throw a boomerang. The boomerang hits Sigmund.
Sigmund is lightly wounded.
Sigmund gestures at you while chanting. The puff of flame hits you!
Sigmund casts a spell at you.
You are confused.
Non-targeted confused throw: 6 boomerangs
Press: ? - help, Q - select action Dir - look around, f - activate You throw a boomerang.
Sigmund hits you from afar with a +0 scythe!
You are too injured to fight recklessly!
You see here a ball python corpse.
Sigmund screams, "Die, monster!"
Sigmund gestures at you while chanting.
You are more confused.
You're too confused to move!
Sigmund points at you and mumbles some strange words.
You resist with significant effort.
An adder comes into view.
Sigmund closely misses you.
You bump into the rock wall.
Sigmund hits you from afar with a +0 scythe!
* * * LOW HITPOINT WARNING * * *
You bump into the rock wall.
Sigmund whispers, "You'll know eternity soon."
Sigmund closely misses you.
You slash Sigmund!
Sigmund is moderately wounded.
You feel less confused. Sigmund casts a spell at you.
You are confused.
Sigmund attacks as you move away! Sigmund hits you with a +0 scythe.
* * * LOW HITPOINT WARNING * * *
Sigmund points at you and mumbles some strange words.
The magic dart hits you!
You die...

#..# #(......# #.#
#..# ##.......# #..
...# ##........#
##. #..#
#....#.#### #. ##..
#####...##..# ...
##. ........###...
#.## .####.#.#
##..... ###.#.#
..## #@....# .
..##.#@###
#..........####.#.#
...................
####.#.#.......##.#
#.....#####.....
..#.#.. ...#
.......# ...
......##. .#


You could see Sigmund.

Vanquished Creatures
  An adder (D:2)
  2 ball pythons
  4 bats
  3 endoplasms
  2 giant cockroaches (D:1)
  4 goblins (D:1)
  A hobgoblin (D:1)
  6 kobolds
  2 quokkas (D:1)
  2 frilled lizards (D:1)
  5 rats (D:1)
32 creatures vanquished.

Notes
Turn   | Place    | Note
-------+----------+-------------------------------------------
     0 | D:1      | wutend the Octopode Fighter began the quest for the Orb.
     0 | D:1      | Reached XP level 1. HP: 16/16 MP: 1/1
   148 | D:1      | Reached XP level 2. HP: 16/21 MP: 2/2
   572 | D:1      | Reached XP level 3. HP: 26/26 MP: 3/3
   911 | D:2      | Found a faded altar of an unknown god.
   980 | D:2      | Noticed Sigmund
   999 | D:2      | HP: 1/26 [Sigmund/+0 scythe (2)]
   999 | D:2      | Killed from afar by Sigmund

Illustrated notes

Levels and vault maps discovered:
D:1:      ncdulo_halloftheorcs, layout_rooms
D:2:      cheibrodos_old_hovel, layout_rooms, nicolae_ecumenical_oubliette,
          uniq_sigmund, uniq_natasha

Action                   || total
-------------------------++-------
Melee: Long sword        ||    60
       Constrict         ||    12
       Tentacles         ||    10
Throw: Boomerang         ||     5
 Stab: Sleeping          ||     3
Armor: Skin              ||    12
Dodge: Dodged            ||    45
Block: Buckler           ||    17
